 Dungeon Crawl Stone Soup version 0.22-a0-439-gac93bac (webtiles) character file.

7090 nikopol the Thaumaturge (level 10, 0/53 HPs)
             Began as a Deep Elf Fire Elementalist on May 29, 2018.
             Was a Priest of Vehumet.
             Succumbed to a big kobold's poison
             ... on level 10 of the Dungeon.
             The game lasted 00:50:07 (11106 turns).

nikopol the Thaumaturge (DEFE)                     Turns: 11106, Time: 00:50:07

Health: 0/53       AC:  5    Str:  5    XL:     10   Next: 84%
Magic:  24/37      EV: 15    Int: 24    God:    Vehumet [***...]
Gold:   376        SH:  0    Dex: 15    Spells: 14/33 levels left

rFire    + . .     SeeInvis .   s - +1 dagger (freeze)
rCold    x . .     Gourm    .   (no shield)
rNeg     . . .     Faith    .   a - +0 robe
rPois    .         Spirit   .   v - +1 helmet
rElec    .         Reflect  .   (no cloak)
rCorr    .         Harm     .   y - +0 pair of gloves
MR       +....                  (no boots)
Stlth    +++.......             (no amulet)
HPRegen  0.17/turn              w - ring of magical power
MPRegen  0.25/turn              m - ring of fire

@: lethally poisoned (0 -> -20), flying
A: no striking features
a: Renounce Religion


You were on level 10 of the Dungeon.
You worshipped Vehumet.
Vehumet was most pleased with you.
You were very hungry.

You visited 2 branches of the dungeon, and saw 11 of its levels.
You also visited: Sewer.

You collected 376 gold pieces.

Inventory:

Hand Weapons
 s - a +1 dagger of freezing (weapon)
 t - a +0 dagger of draining
Armour
 a - a +0 robe (worn)
 v - a +1 helmet (worn)
 y - a +0 pair of gloves (worn)
Jewellery
 g - a +4 ring of protection
 m - a ring of fire (right hand)
 u - an uncursed ring of positive energy
 w - a ring of magical power (left hand)
 E - an uncursed amulet of the gourmand {unknown}
 G - a cursed -3 ring of strength {unknown}
Wands
 F - a wand of iceblast (7)
 J - a wand of polymorph (9)
Scrolls
 b - 10 scrolls of identify
 d - 2 scrolls of magic mapping
 f - 3 scrolls of noise {unknown}
 h - 3 scrolls of remove curse {unknown}
 l - 2 scrolls of teleportation {unknown}
 x - 4 scrolls of blinking {unknown}
 B - a scroll of fear {unknown}
 C - a scroll of enchant armour {unknown}
 D - a scroll of immolation {unknown}
Potions
 e - 2 potions of haste
 i - a potion of invisibility {unknown}
 j - 3 potions of heal wounds
 k - 3 potions of flight
 n - 2 potions of mutation {unknown}
 o - 2 potions of lignification {unknown}
 p - 4 potions of curing {unknown}
 q - a potion of cancellation {unknown}
 r - a potion of agility {unknown}
 z - a potion of ambrosia {unknown}
 A - a potion of resistance {unknown}
 H - 2 potions of berserk rage {unknown}
Comestibles
 c - 17 rations
 I - 4 chunks of flesh


   Skills:
 + Level 1.9 Fighting
 - Level 0.3 Short Blades
 + Level 5.1 Dodging
 + Level 5.2 Stealth
 + Level 12.2 Spellcasting
 + Level 9.6 Conjurations
 + Level 10.3 Fire Magic
 + Level 0.8 Ice Magic


You had 14 spell levels left.
You knew the following spells:

 Your Spells              Type           Power        Failure   Level  Hunger
a - Flame Tongue          Conj/Fire      #####        1%          1    None
b - Throw Flame           Conj/Fire      ######       1%          2    None
c - Conjure Flame         Conj/Fire      #######.     1%          3    None
d - Sticky Flame          Conj/Fire      #######.     1%          4    None
e - Fireball              Conj/Fire      #######...   1%          5    ###....
f - Throw Icicle          Conj/Ice       #####...     1%          4    None

Your spell library contained the following spells:

 Spells                   Type           Power        Failure   Level  Hunger
 Lightning Bolt           Conj/Air       #####.....   4%          5    ###....
 Throw Frost              Conj/Ice       #####.       1%          2    None
 Freezing Cloud           Conj/Ice/Air   ####......   36%         6    #####..
 Freeze                   Ice            ###.         1%          1    None
 Summon Ice Beast         Ice/Summ       ###.....     34%         4    None
 Ozocubu's Armour         Chrm/Ice       ###.....     11%         3    None
 Shock                    Conj/Air       ####         1%          1    None
 Dragon Form              Tmut           ##........   100%        7    ######.
 Inner Flame              Hex/Fire       ######..     1%          3    None
 Beastly Appendage        Tmut           ##....       4%          1    None


Dungeon Overview and Level Annotations

Branches:
Dungeon (10/15)            Temple (1/1) D:5
   Lair: D:8-11         Orc: D:9-12

Altars:
Ashenzari
Cheibriados
Dithmenos
Elyvilon
Fedhas
Gozag
Hepliaklqana
Kikubaaqudgha
Makhleb
Nemelex Xobeh
Okawaru
Qazlal
Trog
Vehumet
Wu Jian
Xom
Yredelemnul
Zin
The Shining One

Shops:
D:4 :=}*[   D:8 [

Annotations:
D:4 tstbtto's ghost, amateur MiFi


Message History

Aiming: Flame Tongue (safe; 1% risk of failure)
Press: ? - help, Shift-Dir - straight line, f/p - big kobold
Aim: a big kobold, wielding a halberd of venom (moderately wounded)
You feel a surge of power!
The flame tongue hits the big kobold.
The big kobold is severely wounded.
* * * LOW HITPOINT WARNING * * *
You feel sick.
Casting: Flame Tongue (safe; 1% risk of failure)
Confirm with . or Enter, or press ? or * to list all spells.
Aiming: Flame Tongue (safe; 1% risk of failure)
Press: ? - help, Shift-Dir - straight line, f/p - big kobold
Aim: a big kobold, wielding a halberd of venom (severely wounded)
You feel a surge of power!
The flame tongue hits the big kobold.
The big kobold is severely wounded.
* * * LOW HITPOINT WARNING * * *
You feel sick.
It was a potion of flight.
You feel very buoyant.
You fly up into the air.
You die...

##########
#.)+.P≈PP#
#K.#≈≈≈≈P#
#§##P≈P)≈#
#..#.....###
#@.'....≈..#
#..').P..#.#
#..÷....≈#.# .
#..#.....#.# ...
##########.#
##..###...###..#
#.....<.......##
...#####...#####
#...#


You could see a big kobold.

Vanquished Creatures
  A hydra (D:10)
  2 two-headed ogres
  A gargoyle (D:9)
  Grinder (D:3)
  2 dream sheep (D:10)
  2 yaks (D:10)
  Sigmund (D:6)
  A hungry ghost (D:8)
  A steam dragon (D:9)
  Menkaure (D:6)
  A water moccasin (D:8)
  3 sky beasts
  2 ice beasts
  An orc warrior (D:8)
  3 centaurs
  2 phantoms
  3 big kobolds
  Blork the orc (D:6)
  4 bullfrogs
  3 scorpions
  4 killer bees (D:9)
  2 howler monkeys (D:7)
  A crimson imp (D:8)
  A centaur zombie (D:6)
  2 bullfrog zombies (D:7)
  A jelly (D:7)
  A centaur skeleton (D:4)
  8 orc priests
  5 hounds
  Natasha (twice) (D:2)
  11 orc wizards
  11 worker ants
  A hound zombie (D:9)
  2 hound skeletons (D:6)
  A worker ant zombie (D:8)
  3 gnolls
  3 river rats (D:6)
  6 adders
  A shadow imp (D:8)
  An ooze (D:6)
  5 adder skeletons
  An adder zombie (D:6)
  7 worms
  4 dart slugs
  4 leopard geckos
  31 orcs
  8 bats
  10 giant cockroaches
  11 goblins
  13 hobgoblins
  8 jackals
  6 kobolds
  6 quokkas
  2 ball pythons
  A ball python skeleton (D:4)
  2 frilled lizards
  10 rats
232 creatures vanquished.

Notes
Turn   | Place    | Note
-------+----------+-------------------------------------------
     0 | D:1      | nikopol the Deep Elf Fire Elementalist began the quest for the Orb.
     0 | D:1      | Reached XP level 1. HP: 10/10 MP: 6/6
   226 | D:1      | Reached XP level 2. HP: 15/15 MP: 6/8
   739 | D:1      | Reached XP level 3. HP: 19/19 MP: 7/9
   743 | D:1      | Learned a level 2 spell: Throw Flame
   747 | D:1      | Learned a level 3 spell: Conjure Flame
  1797 | D:2      | Reached XP level 4. HP: 22/24 MP: 5/11
  1827 | D:2      | Reached skill level 4 in Spellcasting
  2042 | D:2      | Noticed Natasha
  2048 | D:2      | Killed Natasha
  2062 | D:2      | Learned a level 4 spell: Sticky Flame
  2185 | D:2      | Noticed Natasha
  2190 | D:2      | Killed Natasha
  2190 | D:2      | Reached XP level 5. HP: 28/28 MP: 7/13
  2617 | D:3      | Noticed Grinder
  2625 | D:3      | Killed Grinder
  2625 | D:3      | Reached skill level 5 in Spellcasting
  2625 | D:3      | Reached skill level 5 in Fire Magic
  2625 | D:3      | Reached XP level 6. HP: 4/33 MP: 5/16
  2907 | D:3      | Found a snail-covered altar of Cheibriados.
  3418 | D:4      | Found Zotunkitz's Book Boutique.
  3551 | D:4      | Found Bokozxesh's Gadget Boutique.
  3559 | D:4      | Reached XP level 7. HP: 37/37 MP: 11/17
  3606 | D:4      | Reached skill level 6 in Spellcasting
  3658 | D:4      | Noticed tstbtto's ghost (amateur MiFi)
  3851 | D:4      | Learned a level 5 spell: Fireball
  4060 | D:4      | Found Bac Wihiu's General Store.
  4063 | D:4      | Found Qoimipic's Armour Shoppe.
  4188 | D:4      | Found Idghuc Minka's Jewellery Boutique.
  4443 | D:5      | Entered Level 5 of the Dungeon
  4495 | D:5      | Reached skill level 7 in Spellcasting
  4519 | D:5      | Reached skill level 5 in Conjurations
  5131 | D:5      | Reached XP level 8. HP: 33/42 MP: 13/21
  5341 | D:5      | Found a staircase to the Ecumenical Temple.
  5346 | Temple   | Entered the Ecumenical Temple
  5486 | Temple   | Became a worshipper of Vehumet
  5851 | D:6      | Noticed Menkaure
  5853 | D:6      | Killed Menkaure
  5853 | D:6      | Reached skill level 1 in Fighting
  6206 | D:6      | Noticed Blork the orc
  6209 | D:6      | Killed Blork the orc
  6225 | D:6      | Reached skill level 8 in Spellcasting
  6248 | D:6      | Found a glowing drain.
  6256 | Sewer    | Entered a sewer
  6435 | Sewer    | Reached * piety under Vehumet
  6435 | Sewer    | Offered knowledge of Magic Dart by Vehumet.
  6502 | Sewer    | Found a glowing silver altar of Zin.
  6760 | D:6      | Noticed Sigmund
  6769 | D:6      | Killed Sigmund
  6969 | D:6      | Reached skill level 9 in Spellcasting
  6969 | D:6      | Reached XP level 9. HP: 32/47 MP: 21/24
  7595 | D:7      | Reached skill level 5 in Stealth
  7723 | D:7      | Reached ** piety under Vehumet
  7723 | D:7      | Offered knowledge of Searing Ray by Vehumet.
  8573 | D:8      | Found Ysishob's Antique Armour Boutique.
  8754 | D:8      | Learned a level 4 spell: Throw Icicle
  8811 | D:8      | Found a white marble altar of Elyvilon.
  8811 | D:8      | Found a burning altar of Makhleb.
  8814 | D:8      | Found a glowing silver altar of Zin.
  8817 | D:8      | Found a stormy altar of Qazlal.
  8827 | D:8      | Reached skill level 10 in Spellcasting
  9387 | D:8      | Noticed a two-headed ogre
  9391 | D:8      | Killed a two-headed ogre
  9391 | D:8      | Offered knowledge of Ignite Poison by Vehumet.
  9391 | D:8      | Reached skill level 11 in Spellcasting
  9391 | D:8      | Reached XP level 10. HP: 52/52 MP: 20/27
  9957 | D:9      | Noticed a gargoyle
  9973 | D:9      | Killed a gargoyle
 10029 | D:9      | Noticed a two-headed ogre
 10034 | D:9      | Killed a two-headed ogre
 10152 | D:9      | Reached *** piety under Vehumet
 11023 | D:10     | Entered Level 10 of the Dungeon
 11025 | D:10     | Identified Seulom's Almanac of Mutagenic Flight
 11052 | D:10     | Reached skill level 5 in Dodging
 11052 | D:10     | Reached skill level 10 in Fire Magic
 11095 | D:10     | Noticed a three-headed hydra
 11100 | D:10     | Killed a three-headed hydra
 11100 | D:10     | Reached skill level 12 in Spellcasting
 11105 | D:10     | HP: 1/53 [poisoned by a big kobold]
 11106 | D:10     | Succumbed to a big kobold's poison

Vault maps used:
D:1:      lightli_arrival_maybe_door_vault
D:2:      minmay_close_crescents, uniq_natasha
D:3:      first_ration, kennysheep_slug_shrine, uniq_grinder
D:4:      serial_shops, shop, shop, nicolae_shop_stone, shop,
          nicolae_shop_waterfront
D:5:      minmay_temple_entry_butterflies
D:6:      lightli_sewer_entry_pipes, uniq_menkaure, uniq_blork_the_orc,
          uniq_sigmund
D:8:      minitemple, serial_shops, shop
D:10:     lair_entry_dummy, minmay_orc_entry_guard_dogs, hangedman_ranch
Temple:   dpeg_five_rooms_temple
Sewer:    sewer_kobolds

Skill      XL: |  1  2  3  4  5  6  7  8  9 10 |
---------------+-------------------------------+-----
Stealth        | 3 4 5 |  5.2
Fire Magic     | 4 5 6 7 9 10 | 10.3
Spellcasting   | 4 5 7 9 11 12 | 12.2
Conjurations   | 2 3 5 6 8 9 |  9.6
Dodging        | 3 4 5 |  5.1
Fighting       | 1 |  1.9
Short Blades   | |  0.3
Ice Magic      | |  0.8

Action                   |  1- 3 |  4- 6 |  7- 9 | 10-12 || total
-------------------------+-------+-------+-------+-------++-------
Melee: Unarmed           |     2 |     1 |       |       ||     3
       Dagger            |       |       |   118 |       ||   118
 Cast: Flame Tongue      |    66 |   114 |   206 |    41 ||   427
       Sticky Flame      |       |     3 |    22 |     8 ||    33
       Throw Flame       |       |       |    24 |     6 ||    30
       Fireball          |       |       |    16 |     9 ||    25
       Conjure Flame     |       |       |     3 |     1 ||     4
       Throw Icicle      |       |       |     2 |       ||     2
  Use: Scroll            |       |       |     3 |       ||     3
       Potion            |       |       |       |     3 ||     3
 Stab: Sleeping          |       |       |     1 |       ||     1
  Eat: Chunk             |     2 |     4 |    18 |     5 ||    29
       Ration            |       |     1 |     1 |       ||     2
Armor: Robe              |     5 |     3 |    48 |     2 ||    58
Dodge: Dodged            |    31 |    20 |   154 |    20 ||   225

Table legend:
 A = Spawn XP
 B = Non-spawn XP
 C = Spawn XP percentage of total XP
 D = Spawn monster count
 E = Non-spawn monster count
 F = Spawn count percentage of total count
 G = Total turns spent on level
                    A         B        C        D         E        F      G
               +---------+---------+-------+---------+---------+-------+---------
         Total |       0 |   10129 |   0.0 |       0 |     232 |   0.0 | 11106
               +---------+---------+-------+---------+---------+-------+---------
           D:1 |       0 |      43 |   0.0 |       0 |      22 |   0.0 |  1150
           D:2 |       0 |     177 |   0.0 |       0 |      29 |   0.0 |  1318
           D:3 |       0 |     387 |   0.0 |       0 |      32 |   0.0 |   934
           D:4 |       0 |     631 |   0.0 |       0 |      23 |   0.0 |  1402
           D:5 |       0 |     311 |   0.0 |       0 |      14 |   0.0 |  1073
           D:6 |       0 |    1483 |   0.0 |       0 |      30 |   0.0 |  1161
           D:7 |       0 |     916 |   0.0 |       0 |      24 |   0.0 |   930
           D:8 |       0 |    1852 |   0.0 |       0 |      25 |   0.0 |  1029
           D:9 |       0 |    2138 |   0.0 |       0 |      17 |   0.0 |  1543
          D:10 |       0 |    2082 |   0.0 |       0 |       7 |   0.0 |    83
         Sewer |       0 |     109 |   0.0 |       0 |       9 |   0.0 |   291
               +---------+---------+-------+---------+---------+-------+---------
